 Dungeon Crawl Stone Soup version 0.18.1-50-g88ac8fd (webtiles) character file.

80 Necrotakul the Slasher (level 4, -7/35 HPs)
             Began as a Formicid Fighter on Oct 23, 2016.
             Killed from afar by GVCCISANDVLS's ghost (12 damage)
             ... with a flame tongue
             ... on level 3 of the Dungeon.
             The game lasted 00:06:23 (1887 turns).

Necrotakul the Slasher (Formicid Fighter)           Turns: 1887, Time: 00:06:24

Health: -7/35      AC:  8    Str: 26    XL:     4   Next: 65%
Magic:  4/4        EV:  8    Int:  8    God:
Gold:   59         SH: 10    Dex: 10    Spells: 0 memorised, 3 levels left

rFire  . . .     SeeInvis +     a - +0 long sword
rCold  . . .     Gourm    .     b - +0 scale mail
rNeg   . . .     Faith    .     c - +0 shield
rPois  .         Spirit   .     (helmet unavailable)
rElec  .         Dismiss  .     n - +0 cloak (curse)
rCorr  .         Reflect  .     (no gloves)
SustAt .         Harm     .     (no boots)
MR     .....                    (no amulet)
Stlth  ..........               (no ring)
                                (no ring)

@: mighty, not resistant to hostile enchantments, extremely unstealthy
A: permanent stasis, dig shafts and tunnels, four strong arms, antennae 3
a: Dig, Shaft Self


You were on level 3 of the Dungeon.
You were not hungry.

You visited 1 branch of the dungeon, and saw 3 of its levels.

You collected 59 gold pieces.

Inventory:

Hand Weapons
 a - a +0 long sword (weapon)
Missiles
 e - 10 tomahawks (quivered)
Armour
 b - a +0 scale mail (worn)
 c - a +0 shield (worn)
 n - a cursed +0 cloak (worn)
Jewellery
 k - an uncursed amulet of regeneration {unknown}
Scrolls
 g - 4 scrolls of identify
 i - a scroll of teleportation {unknown}
 j - a scroll of immolation {unknown}
 l - a scroll of magic mapping {unknown}
 m - a scroll of remove curse {unknown}
Potions
 o - a potion of curing {unknown}
 p - 2 potions of flight
 q - a potion of lignification {unknown}
Comestibles
 f - 3 bread rations


   Skills:
 - Level 3.2 Fighting
 + Level 4.5 Long Blades
 - Level 3.2 Armour
 - Level 3.6 Shields


You had 3 spell levels left.
You didn't know any spells.

Dungeon Overview and Level Annotations

Branches:
Dungeon (3/15)

Altars:
Elyvilon
Nemelex Xobeh
Yredelemnul

Annotations:
D:3 GVCCISANDVLS's ghost, amateur DEFE


Innate Abilities, Weirdness & Mutations

You are under a permanent stasis effect.
You can dig through walls and to a lower floor.
Your four strong arms can wield two-handed weapons with a shield.
You have a pair of large antennae on your head (SInv).


Message History

As you read the scroll of identify, it crumbles to dust.
p - 2 potions of flight GVCCISANDVLS's ghost casts a spell at you.
The flame tongue hits you!
Your shield and scale mail prevent you from hitting GVCCISANDVLS's ghost.
GVCCISANDVLS's ghost gestures at you while chanting.
The flame tongue hits you!
* * * LOW HITPOINT WARNING * * *
You slash GVCCISANDVLS's ghost!
GVCCISANDVLS's ghost is moderately damaged.
GVCCISANDVLS's ghost hits you.
* * * LOW HITPOINT WARNING * * *
Drink which item? (? for menu, Esc to quit)
You feel very mighty all of a sudden.
You block GVCCISANDVLS's ghost's attack.
You barely miss GVCCISANDVLS's ghost.
GVCCISANDVLS's ghost is moderately damaged.
GVCCISANDVLS's ghost points at you and mumbles some strange words.
The flame tongue hits you!
You die...

.... #...####.#
..... #.(.#
#.....######(..####.
....................
#.............#.####
..W<.....##.).#.#
W....##.##...#.#
.#.#..##W##...#.#
.........@....#
##.#..#####..## ....
...... .... ....#..#
#.. #..##..# #. #...
... # #..# ### .#


You could see GVCCISANDVLS's ghost.

Vanquished Creatures
  4 gnolls
  An ooze (D:2)
  A worm (D:3)
  A dart slug (D:1)
  A giant gecko (D:2)
  4 bats
  A giant cockroach (D:2)
  4 hobgoblins
  A quokka (D:2)
  2 giant newts
  7 goblins
  3 kobolds
  3 rats
33 creatures vanquished.

Notes
Turn   | Place    | Note
--------------------------------------------------------------
     0 | D:1      | Necrotakul the Formicid Fighter began the quest for the Orb.
     0 | D:1      | Reached XP level 1. HP: 18/18 MP: 1/1
    97 | D:1      | Reached XP level 2. HP: 24/24 MP: 2/2
   219 | D:1      | Reached skill level 3 in Long Blades
   529 | D:1      | Reached XP level 3. HP: 20/29 MP: 3/3
   949 | D:2      | Reached skill level 4 in Long Blades
   949 | D:2      | Reached XP level 4. HP: 32/35 MP: 4/4
   998 | D:2      | Found a sparkling altar of Nemelex Xobeh.
  1056 | D:2      | Found a basalt altar of Yredelemnul.
  1306 | D:2      | Found a white marble altar of Elyvilon.
  1859 | D:3      | Noticed GVCCISANDVLS's ghost (amateur DEFE)
  1887 | D:3      | Killed from afar by GVCCISANDVLS's ghost

Skill      XL: |  1  2  3 |
---------------+----------+-----
Long Blades    | 3 4 |  4.5
Fighting       | |  3.2
Armour         | |  3.2
Shields        | |  3.6

Action                   |  1- 3 |  4- 6 || total
-------------------------+-------+-------++-------
Melee: Long sword        |    90 |    31 ||   121
  Use: Scroll            |     1 |     1 ||     2
       Potion            |       |     1 ||     1
  Eat: Bread ration      |       |     1 ||     1
       Chunk             |       |     1 ||     1
Armor: Scale mail        |    40 |    13 ||    53
Dodge: Dodged            |    22 |     6 ||    28
Block: Shield            |    41 |    11 ||    52
